 Dungeon Crawl Stone Soup version 0.27.0-1-g7a089689b8 (webtiles) character file.

Game seed: 8929523635805979851

55 robertstho the Magician (level 4, 0/32 HPs)
             Began as a Djinni Fire Elementalist on Aug 4, 2021.
             Slain by a hound (2 damage)
             ... on level 4 of the Dungeon.
             The game lasted 00:02:46 (2416 turns).

robertstho the Magician (Djinni Fire Elementalist)  Turns: 2416, Time: 00:02:47

Health: 0/32       AC:  4    Str:  7    XL:     4   Next: 14%
Gold:   113        EV: 12    Int: 19    God:
                   SH:  4    Dex: 14

rFire    + + .     SeeInvis .   b - +0 dagger
rCold    x . .     Faith    .   (no shield)
rNeg     . . .     Spirit   .   a - +0 robe
rPois    ∞         Reflect  .   (no helmet)
rElec    .         Harm     .   (no cloak)
rCorr    .         Rampage  .   (no gloves)
Will     .....                  (boots unavailable)
Stlth    ++........             (no amulet)
HPRegen  0.10/turn              (no ring)
MPRegen  0.00/turn              (no ring)

@: brilliant, weak-willed, flying
A: sickness immunity, fire resistance 2, cold vulnerability 1, float, innate
caster, hp casting, extra vitality 1, iridescent scales 1, large bone plates 1,
clever 1, subdued magic 1
a: no special abilities


You were on level 4 of the Dungeon.
You visited 1 branch of the dungeon, and saw 4 of its levels.

You collected 113 gold pieces.

Inventory:

Hand Weapons
 b - a +0 dagger (weapon)
Armour
 a - a +0 robe (worn)
Potions
 i - a potion of brilliance


   Skills:
 * Level 1.2 Fighting
 + Level 2.4 Dodging
 + Level 1.8 Stealth
 + Level 3.2 Spellcasting


You couldn't memorise any spells.
You knew the following spells:

 Your Spells              Type           Power      Damage    Failure   Level
a - Foxfire               Conj/Fire      68%        2x1d7     2%          1
b - Conjure Flame         Conj/Fire      17%        6-21      10%         3
c - Inner Flame           Hex/Fire       17%        N/A       10%         3
d - Sticky Flame          Conj/Fire      17%        2d4       32%         4
e - Fireball              Conj/Fire      8%         3d6       67%         5
f - Animate Skeleton      Necr           34%        N/A       2%          1
Your spell library was empty.

Dungeon Overview and Level Annotations

Branches:
Dungeon (4/15)
 Temple: D:4-7

Altars:
Makhleb

Shops:
D:1 *   D:3 (


Innate Abilities, Weirdness & Mutations

You are immune to sickness and miasma.
You are immune to poison.
Your flesh is very heat resistant. (rF++)
You are vulnerable to cold. (rC-)
You float through the air rather than walking.
You learn spells naturally, not from books.
Your magical power is your life essence.
You have superior vitality. (+4 HP)
You are partially covered in iridescent scales. (AC +2)
You are partially covered in large bone plates. (SH +4)
Your mind is acute. (Int +2)
Your spells are a little easier to cast, but a little less powerful.


Message History

[Y]es or [N]o only, please.
The spell is potentially lethal to cast (41% risk of failure)!
Continue anyway?
Okay, then.
Unknown command.
It was a potion of brilliance.
You feel clever all of a sudden. The hound bites you. x2
* * * LOW HITPOINT WARNING * * *
It was a potion of flight.
You feel more buoyant. The hound barely misses you.
It was a potion of mutation.
You feel extremely strange.
You feel clever.
Your connection to magic feels subdued.
Large bone plates grow over parts of your arms.
Iridescent scales grow over part of your body.
The hound bites you.
* * * LOW HITPOINT WARNING * * *
The adder misses you. The hound bites you.
* * * LOW HITPOINT WARNING * * *
As you read the scroll labelled SIWEQO FESUF, it crumbles to dust.
Magic quickly surges around you.
It was a scroll of vulnerability.
The adder bites you.
* * * LOW HITPOINT WARNING * * *
The hound bites you but does no damage. The adder bites you.
* * * LOW HITPOINT WARNING * * *
As you read the scroll labelled DOPAL YLIF, it crumbles to dust.
You feel a surge of unholy energy.
The hound convulses!
The adder convulses!
It was a scroll of torment.
The hound bites you but does no damage. You block the adder's attack.
You block the hound's attack.
As you read the scroll labelled TUUVERAMEA, it crumbles to dust.
You feel aware of your surroundings.
You sensed 2 altars.
It was a scroll of magic mapping.
You block the hound's attack. The adder closely misses you.
As you read the scroll labelled WIMAIJ YMUSAN, it crumbles to dust.
It is a scroll of identify.
You don't have any unidentified items.
The hound completely misses you. The adder bites you.
* * * LOW HITPOINT WARNING * * *
The hound bites you.
You die...

*,,, *,,, *,,, *,,,
*,,, ######## ****
##......##
##......)!##
#..@h.<>...#
#...S.....(#
#........>.#
#..........# ***
#...[......#******,,
##...........,,,,,,*
*#........##..,,****
*......(...*##*,,,**
*,,,,,,,,,,* ***,,,


You could see a hound (weak-willed) and an adder (weak-willed).

Vanquished Creatures
  An adder (D:2)
  2 dart slugs (D:2)
  3 endoplasms
  3 giant cockroaches
  2 goblins (D:2)
  A hobgoblin (D:1)
  6 jackals
  A quokka (D:3)
  5 ball pythons
  3 bats (D:1)
  4 frilled lizards
  5 kobolds (D:1)
  4 rats
40 creatures vanquished.

Vanquished Creatures (collateral kills)
  A foxfire (D:3)
1 creature vanquished.

Vanquished Creatures (others)
  152 foxfires
152 creatures vanquished.

Grand Total: 193 creatures vanquished

Notes
Turn   | Place    | Note
-------+----------+-------------------------------------------
     0 | D:1      | robertstho the Djinni Fire Elementalist began the quest for
                  | the Orb.
     0 | D:1      | Reached XP level 1. HP: 15/15 MP: 0/0
    27 | D:1      | Found Soaso's Assorted Antiques.
    52 | D:1      | Reached XP level 2. HP: 9/21 MP: 0/0
   997 | D:1      | Reached XP level 3. HP: 24/26 MP: 0/0
   997 | D:1      | Learned a level 1 spell: Animate Skeleton
  1394 | D:2      | Reached skill level 3 in Spellcasting
  1627 | D:2      | Found a burning altar of Makhleb.
  1790 | D:2      | Reached skill level 1 in Fighting
  1976 | D:2      | Reached XP level 4. HP: 31/32 MP: 0/0
  2338 | D:3      | Found Aryceaw's Weapon Boutique.
  2412 | D:4      | Gained mutation: Your mind is acute. (Int +2) [potion of
                  | mutation]
  2412 | D:4      | Gained mutation: Your spells are a little easier to cast,
                  | but a little less powerful. [potion of mutation]
  2412 | D:4      | Gained mutation: You are partially covered in large bone
                  | plates. (SH +4) [potion of mutation]
  2412 | D:4      | Gained mutation: You are partially covered in iridescent
                  | scales. (AC +2) [potion of mutation]
  2416 | D:4      | Slain by a hound

Illustrated notes

Levels and vault maps discovered:
D:1:      dpeg_arrival_rooms_a, layout_loops_cross, serial_shops, shop
D:2:      layout_loops_ring, basic_altar
D:3:      layout_loops_ring, fedhas_altar_1, overflow_temple_1_default,
          serial_shops, shop, kennysheep_path_1, moated_statue, chequers_jeans,
          cheibrodos_gnoll_hut, uniq_natasha, uniq_grinder, uniq_jessica
D:4:      layout_rooms, grunt_dithmenos_smoke, dancing_weapons_uskayaw,
          uniq_pikel

Skill      XL: |  1  2  3 |
---------------+----------+-----
Spellcasting   | 3 |  3.2
Fighting       | 1 |  1.2
Dodging        | |  2.4
Stealth        | |  1.8

Action                   |  1- 3 |  4- 6 || total
-------------------------+-------+-------++-------
Melee: Dagger            |     5 |       ||     5
 Cast: Foxfire           |    82 |    13 ||    95
  Use: Potion            |       |     5 ||     5
       Scroll            |       |     4 ||     4
 Stab: Distracted        |     1 |       ||     1
Armor: Robe              |     2 |     3 ||     5
Dodge: Dodged            |    13 |    24 ||    37
Block: Other             |       |     3 ||     3
